 Dungeon Crawl Stone Soup version 0.31-a0-161-gb58dd9be76 (webtiles) character file.

Game seed: 10889527957510279930

14 ragingrage the Shield-Bearer (level 2, 0/25 HPs)
             Began as a Naga Wanderer on June 12, 2023.
             Slain by a hobgoblin (6 damage)
             ... led by Robin
             ... on level 2 of the Dungeon.
             The game lasted 00:01:06 (898 turns).

ragingrage the Shield-Bearer (Naga Wanderer)         Turns: 898, Time: 00:01:07

Health: 0/25       AC:  4    Str: 12    XL:     2   Next: 45%
Magic:  2/2        EV:  9    Int:  9    God:
Gold:   52         SH:  7    Dex: 15    Spells: 1/1 levels left

rFire   . . .        o - +0 long sword
rCold   . . .        b - +2 buckler
rNeg    . . .        e - +0 leather armour
rPois   +            m - +0 helmet
rElec   .            (no cloak)
rCorr   .            c - +0 pair of gloves
SInv    +            (no barding)
Will    .....        (no amulet)
Stlth   ++           (no ring)
HPRegen 0.24/turn    (no ring)
MPRegen 0.08/turn

%: no passive effects
@: invisible, very slow
A: AC +0, large, see invisible, deformed body, poison resistance, slowness 2,
spit poison 1, naga tail 1
a: Spit Poison


You were on level 2 of the Dungeon.
You visited 1 branch of the dungeon, and saw 2 of its levels.

You collected 52 gold pieces.

Inventory:

Hand Weapons
 o - a +0 long sword (weapon)
Armour
 b - a +2 buckler (worn)
 c - a +0 pair of gloves (worn)
 e - a +0 leather armour (worn)
 m - a +0 helmet (worn)
Scrolls
 f - 2 scrolls of blinking {unknown}
 g - a scroll of silence {unknown}
 i - a scroll of brand weapon {unknown}
 k - a scroll of identify {unknown}
 l - a scroll of fog {unknown}
 n - 2 scrolls of teleportation {unknown}
Potions
 d - 2 potions of invisibility
 h - a potion of attraction {unknown}


   Skills:
 - Level 1.0 Fighting
 + Level 1.9 Long Blades
 - Level 1.0 Armour
 - Level 1.5 Dodging
 + Level 2.0 Stealth
 - Level 3.6 Shields
 - Level 1.0 Evocations


You had one spell level left.
You didn't know any spells.
Your spell library was empty.

Dungeon Overview and Level Annotations

Branches:
Dungeon (2/15)

Altars:

Annotations:
D:2 Robin


Innate Abilities, Weirdness & Mutations

Your serpentine skin is tough. (AC +0)
You have supernaturally acute eyesight. (SInv)
Armour fits poorly on your strangely shaped body.
Your system is resistant to poisons. (rPois)
You cover ground very slowly.
You can spit poison.
You have a snake-like lower body.


Message History

Robin throws the goblin at you!
A goblin comes into view. It is wielding a +0 dagger.
Robin roars a battlecry!
The goblins go into a battle-frenzy!
The hobgoblin shouts!
You hear a shout!
The hobgoblin no longer looks unusually strong.
The goblin no longer looks unusually strong.
Robin roars a battlecry!
The goblins go into a battle-frenzy!
You hear a shout!
The goblin hits you with a +0 dagger.
Aiming: Spit Poison (2% risk of failure)
Press: ? - help, Shift-Dir - straight line, f - goblin
Aim: a goblin, wielding a +0 dagger (strong, 50% to hit)
The splash of poison hits the goblin.
The goblin is poisoned.
You kill the goblin!
Your Stealth skill increases to level 2!
You hit the hobgoblin but do no damage. The hobgoblin hits you.
You hit the hobgoblin but do no damage. The hobgoblin barely misses you.
The hobgoblin hits you.
You hit the hobgoblin. The hobgoblin barely misses you.
You barely miss the hobgoblin. You block the hobgoblin's attack.
You closely miss the hobgoblin.
You have got your breath back.
A goblin comes into view. It is wielding a +0 dagger.
The hobgoblin barely misses you.
The hobgoblin hits you but does no damage.
You closely miss the hobgoblin.
A hobgoblin comes into view.
Robin throws the goblin at you! The hobgoblin hits you.
You fade into invisibility!
A goblin comes into view. It is wielding a +0 dagger.
The goblin hits you but does no damage. The hobgoblin hits you.
* * * LOW HITPOINT WARNING * * *
A goblin comes into view. It is wielding a +0 club.
You miss the goblin.
Robin roars a battlecry!
The goblins go into a battle-frenzy!
The goblin closely misses you. The hobgoblin hits you.
You die...

# ##.# #...# ... . ....
#...#..#.... ##.#
...#..#..... ..#
...#.$#....#.##.#
................
#.#..#....#.##.#
#########.#..#g.........
.......@gg........#.##.#
..##..g##gg..#.#.##.##.#
#... #....#.#........
#...##...g#.#........
#...#.....#..........
...........g.........
##...#....g###.##.##..
.................##..
#####.....###g#####..


You could see Robin (unable to see you), 2 hobgoblins and 5 goblins.

Vanquished Creatures
  2 bats (D:1)
  3 endoplasms (D:1)
  A ball python (D:1)
  4 goblins
  3 kobolds
  A rat (D:1)
14 creatures vanquished.

Notes
Turn   | Place    | Note
-------+----------+-------------------------------------------
     0 | D:1      | ragingrage the Naga Wanderer began the quest for the Orb.
     0 | D:1      | ragingrage set off with the following items: a +0 falchion,
                  | a +2 buckler, a +0 pair of gloves, a potion of
                  | invisibility, a +0 leather armour.
     0 | D:1      | Reached XP level 1. HP: 18/18 MP: 1/1
    28 | D:1      | Found a faded altar of an unknown god.
   325 | D:1      | Reached skill level 1 in Stealth
   344 | D:1      | Reached XP level 2. HP: 25/25 MP: 2/2
   875 | D:2      | Noticed Robin
   898 | D:2      | Slain by a hobgoblin

Illustrated notes

Levels and vault maps discovered:
D:1:      dpeg_arrival_simpleton_c, layout_loops_ring,
          shapermc_ecumenical_altar_pompeii
D:2:      layout_basic, bh_walls_and_bars, uniq_robin

Skill      XL: |  1  2 |
---------------+-------+-----
Stealth        | 1 2 |  2.0
Fighting       | |  1.0
Long Blades    | |  1.9
Armour         | |  1.0
Dodging        | |  1.5
Shields        | |  3.6
Evocations     | |  1.0

Action                     || total
---------------------------++-------
  Melee: Falchion          ||    29
         Long sword        ||     7
Ability: Spit Poison       ||     1
    Use: Potion            ||     1
   Stab: Sleeping          ||     2
 Armour: Leather armour    ||    13
  Dodge: Dodged            ||    16
  Block: Buckler           ||    10

Table legend: (Time is in decaauts)
 A = Elapsed time spent in this place.
 B = Non-inter-level travel time spent in this place.
 C = Inter-level travel time spent in this place.
 D = Time resting spent in this place.
 E = Time spent auto-exploring this place.
 F = Levels seen in this place.
 G = Mean time per level.
                   A        B        C        D        E       F      G
               +--------+--------+--------+--------+--------+-----+--------+
         Total |   1229 |   1133 |     96 |      0 |    959 |   2 |  614.5 |
       Dungeon |   1229 |   1133 |     96 |      0 |    959 |   2 |  614.5 |
               +--------+--------+--------+--------+--------+-----+--------+

Top non-repeatable levels by time:
     D:1: 1066 daAuts
     D:2: 163 daAuts
